 Dungeon Crawl Stone Soup version 0.23.0-3-gf3c87f2 (webtiles) character file.

Game seed: 12899692208900740612

27 Borgoz the Sneak (level 3, -7/20 HPs)
             Began as a Kobold Enchanter on Feb 23, 2019.
             Killed from afar by Sigmund (8 damage)
             ... with a magic dart
             ... on level 2 of the Dungeon.
             The game lasted 00:02:45 (1309 turns).

Borgoz the Sneak (Kobold Enchanter)                 Turns: 1309, Time: 00:02:46

Health: -7/20      AC:  2    Str:  6    XL:     3   Next: 25%
Magic:  6/6        EV: 15    Int: 16    God:
Gold:   69         SH:  0    Dex: 15    Spells: 3/6 levels left

rFire    . . .     SeeInvis .   a - +1 dagger
rCold    . . .     Gourm    .   (shield restricted)
rNeg     . . .     Faith    .   b - +0 robe
rPois    .         Spirit   .   (no helmet)
rElec    .         Reflect  .   (no cloak)
rCorr    .         Harm     .   (no gloves)
MR       .....                  (no boots)
Stlth    +++.......             (no amulet)
HPRegen  0.06/turn              (no ring)
MPRegen  0.10/turn              (no ring)

@: no status effects
A: small, carnivore
a: no special abilities


You were on level 2 of the Dungeon.
You were completely stuffed.

You visited 1 branch of the dungeon, and saw 2 of its levels.

You collected 69 gold pieces.

Inventory:

Hand Weapons
 a - a +1 dagger (weapon)
Armour
 b - a +0 robe (worn)
Potions
 g - 2 potions of resistance
 h - 2 potions of cancellation {unknown}
 j - a potion of degeneration {unknown}
 l - a potion of mutation {unknown}
Comestibles
 d - 3 rations
 i - 2 chunks of flesh


   Skills:
 * Level 1.3 Fighting
 + Level 2.0 Short Blades
 + Level 2.7 Dodging
 + Level 4.2 Stealth
 + Level 2.4 Spellcasting
 + Level 3.1 Hexes


You had 3 spell levels left.
You knew the following spells:

 Your Spells              Type           Power        Failure   Level  Hunger
a - Corona                Hex            ##.....      5%          1    #......
b - Ensorcelled Hibernat  Hex/Ice        #.....       16%         2    ###....

Your spell library contained the following spells:

 Spells                   Type           Power        Failure   Level  Hunger
 Confuse                  Hex            ##......     16%         3    ###....
 Tukima's Dance           Hex            ##......     16%         3    ###....
 Dazzling Spray           Conj/Hex       #.....       30%         3    ###....


Dungeon Overview and Level Annotations

Branches:
Dungeon (2/15)

Altars:

Annotations:
D:2 Sigmund


Innate Abilities, Weirdness & Mutations

You are small and have problems with some larger weapons.
You are carnivorous and can eat meat at any time.


Message History

* * * LOW HITPOINT WARNING * * *
The jackal bites you.
* * * LOW HITPOINT WARNING * * *
You feel much better. The jackal barely misses you. Something hits you!
The jackal misses you.
You hit the jackal but do no damage. The jackal closely misses you.
You miss the jackal. The jackal barely misses you. Something barely misses you.
You hit the jackal.
The jackal is heavily wounded.
The jackal barely misses you. Something hits you!
Ouch! That really hurt!
* * * LOW HITPOINT WARNING * * *
You hit the jackal.
The jackal is severely wounded.
The jackal closely misses you. The jackal misses you.
You hit the jackal.
You kill the jackal!
A magic dart appears from out of thin air!
The magic dart hits you!
You die...

....####.......#.#.#
#.#
....#......###.#.#.#
#.#
....#............#.#
#.#
....#.......##.###.#
#.# #####.......##.#
#.# #.# #........#.#
#.# #.# #......#.#.#
#.# #.#
#......#.#.###.# #.#
#..........†@..# #.#
#.....##.#{##### #.#
#.....##...# #.#
#.....###..# #.#
#.....###..# #.#
###........## #.#
#.........# #.#
#.........## #.#
#.......#..# #.#


There were no monsters in sight!

Vanquished Creatures
  2 worms (D:2)
  3 hobgoblins
  5 jackals
  3 kobolds
  A bat (D:1)
  2 frilled lizards (D:2)
  A goblin (D:1)
  4 rats
21 creatures vanquished.

Notes
Turn   | Place    | Note
-------+----------+-------------------------------------------
     0 | D:1      | Borgoz the Kobold Enchanter began the quest for the Orb.
     0 | D:1      | Reached XP level 1. HP: 10/10 MP: 3/3
   600 | D:1      | Reached XP level 2. HP: 10/16 MP: 1/5
   718 | D:1      | Learned a level 2 spell: Ensorcelled Hibernation
   825 | D:1      | Reached skill level 1 in Fighting
  1154 | D:2      | Reached XP level 3. HP: 18/20 MP: 6/6
  1283 | D:2      | Noticed Sigmund
  1307 | D:2      | HP: 1/20 [something (11)]
  1309 | D:2      | Killed from afar by Sigmund

Skill      XL: |  1  2  3 |
---------------+----------+-----
Fighting       | 1 |  1.3
Short Blades   | 2 |  2.0
Dodging        | |  2.7
Stealth        | |  4.2
Spellcasting   | |  2.4
Hexes          | |  3.1

Action                   || total
-------------------------++-------
Melee: Dagger            ||    94
 Cast: Corona            ||     8
  Use: Scroll            ||     5
       Potion            ||     2
 Stab: Sleeping          ||     4
  Eat: Chunk             ||    10
Armor: Robe              ||     5
Dodge: Dodged            ||    84
